 Dungeon Crawl Stone Soup version 0.21.1-1-g345015f (webtiles) character file.

5765 microfolk the Merchant of Misery (level 10, -7/89 (90) HPs)
             Began as a Ghoul Necromancer on May 10, 2018.
             Was a Believer of Kikubaaqudgha.
             Mangled by a skeletal warrior
             ... wielding a +0 battleaxe
             ... led by a skeletal warrior
              (14 damage)
             ... on level 10 of the Dungeon.
             The game lasted 00:44:54 (14848 turns).

microfolk the Merchant of Misery (GhNe)            Turns: 14848, Time: 00:44:55

HP:   -7/89 (90)    AC:  7    Str: 13    XL:     10   Next: 78%
MP:   3/13          EV: 11    Int: 13    God:    Kikubaaqudgha [**....]
Gold: 509           SH:  0    Dex:  9    Spells: 3/15 levels left

rFire    + . .     SeeInvis .     - Unarmed
rCold    + . .     Gourm    .   (no shield)
rNeg     + + +     Faith    .   J - +0 troll leather armour
rPois    ∞         Spirit   .   i - +0 helmet
rElec    .         Reflect  .   d - +0 cloak
rCorr    .         Harm     .   w - +0 pair of gloves
MR       .....                  (no boots)
Stlth    ++........             (no amulet)
HPRegen  0.00/turn              f - ring of stealth
MPRegen  0.13/turn              o - ring of protection from fire

@: rotting, hasted, very quick
A: rotting body, claws 1, carnivore, cold resistance 1, negative energy
resistance 3, inhibited regeneration, torment resistance, unbreathing
a: Receive Corpses, Renounce Religion


You were on level 10 of the Dungeon.
You worshipped Kikubaaqudgha.
Kikubaaqudgha was pleased with you.
You were not hungry.

You visited 2 branches of the dungeon, and saw 11 of its levels.
You also visited: Sewer.

You collected 584 gold pieces.
You spent 75 gold pieces at shops.

Inventory:

Hand Weapons
 b - a +1 hunting sling
 r - a +0 dagger of pain
Missiles
 h - 348 stones (quivered)
Armour
 d - a +0 cloak (worn)
 i - a +0 helmet (worn)
 w - a +0 pair of gloves (worn)
 D - a +0 shield
 J - a +0 troll leather armour (worn)
Magical Staves
 p - an uncursed staff of air
Jewellery
 f - a ring of stealth (left hand)
 o - a ring of protection from fire (right hand)
 z - an uncursed ring of stealth
 F - an uncursed amulet of magic regeneration {unknown}
 H - an uncursed ring of stealth
Wands
 s - a wand of scattershot (1)
 I - a wand of enslavement (11)
Scrolls
 a - 2 scrolls of teleportation
 k - 7 scrolls of remove curse
 l - 3 scrolls of blinking {unknown}
 m - 6 scrolls of identify
 t - a scroll of fear {unknown}
 v - a scroll of random uselessness {unknown}
 y - a scroll of enchant armour {unknown}
 A - a scroll of enchant weapon
 B - a scroll of immolation {unknown}
 C - a scroll of fog {unknown}
 E - a scroll of magic mapping {unknown}
Potions
 e - a potion of flight
 j - 7 potions of curing
 n - 3 potions of haste
 u - a potion of agility
 x - a potion of might
 G - a potion of heal wounds
Books
 g - a book of Necromancy

   Spells                             Type                      Level
   a - Pain                           Necromancy                   1
   b - Animate Skeleton               Necromancy                   1
   c - Vampiric Draining              Necromancy                   3
   d - Regeneration                   Charms/Necromancy            3
   e - Animate Dead                   Necromancy                   4
   f - Borgnjor's Vile Clutch         Necromancy/Earth             5
 q - a book of Conjurations

   Spells                             Type                      Level
   a - Magic Dart                     Conjuration                  1
   b - Searing Ray                    Conjuration                  2
   c - Dazzling Spray                 Conjuration/Hexes            3
   d - Fulminant Prism                Conjuration/Hexes            4
   e - Force Lance                    Conjuration/Translocation    4
   f - Iskenderun's Mystic Blast      Conjuration                  4
Comestibles
 c - 17 rations


   Skills:
 + Level 8.8 Fighting
 - Level 1.7 Dodging
 - Level 2.1 Stealth
 + Level 8.7 Unarmed Combat
 - Level 3.0 Spellcasting
 * Level 11.2 Necromancy


You had 3 spell levels left.
You knew the following spells:

 Your Spells              Type           Power        Failure   Level  Hunger
a - Pain                  Necr           ####         1%          1    #......
b - Animate Skeleton      Necr           N/A          1%          1    #......
c - Vampiric Draining     Necr           ####......   1%          3    ###....
d - Regeneration          Chrm/Necr      ###.......   9%          3    ###....
e - Animate Dead          Necr           N/A          2%          4    #####..


Dungeon Overview and Level Annotations

Branches:
Dungeon (10/15)            Temple (1/1) D:6             Orc (0/2) D:9
   Lair: D:8-11

Altars:
Ashenzari
Cheibriados
Dithmenos
Elyvilon
Fedhas
Hepliaklqana
Kikubaaqudgha
Makhleb
Nemelex Xobeh
Okawaru
Qazlal
Ru
Sif Muna
Uskayaw
Wu Jian
Xom
Yredelemnul
Zin
Jiyva

Shops:
D:4 *   D:9 !

Annotations:
D:2 exclusion: downstairs, Eustachio
D:5 Prince Ribbit
D:7 Joseph
D:9 1 runed door, exclusion: downstairs


Innate Abilities, Weirdness & Mutations

Your body is rotting away.
You thrive on raw meat.
You are immune to poison.
You have sharp fingernails.
You are carnivorous and can eat meat at any time.
Your flesh is cold resistant. (rC+)
You are immune to negative energy. (rN+++)
You do not regenerate when monsters are visible.
You are immune to unholy pain and torment.
You can survive without breathing.


Message History

The skeletal warrior hits you but does no damage.
You hit the skeletal warrior but do no damage.
The skeletal warrior is almost destroyed.
You hit the skeletal warrior.
You punch the skeletal warrior, but do no damage.
The skeletal warrior is almost destroyed.
The skeletal warrior hits you with a battleaxe!
You hit the skeletal warrior but do no damage.
The skeletal warrior is almost destroyed.
The skeletal warrior hits you with a battleaxe!
You hit the skeletal warrior.
The skeletal warrior is almost destroyed.
You barely miss the skeletal warrior.
The skeletal warrior is almost destroyed.
The skeletal warrior hits you with a battleaxe!!
* * * LOW HITPOINT WARNING * * *
You feel yourself speed up.
The skeletal warrior hits you with a battleaxe!
You die...
Kikubaaqudgha rasps: "You have failed me!
Welcome... oblivion!"

#...............##
#####................#
#....................#
####.....................#
#....####......[.........#
#..# #..............>.#
...######................#
.........!<.....z........#
..............##@#..##...#
..............##.##.# ...#
..............##<##.##...#
..............##.##.....##
..............##.##...#
.....................##
###...........#..###....
###...........#..# .#
..............#..#


You could see a skeletal warrior.

Vanquished Creatures
  A troll (D:10)
  A hippogriff (D:9)
  3 yaks
  A wyvern (D:8)
  A hungry ghost (D:7)
  Duvessa (D:4)
  A phantom (D:6)
  4 ice beasts
  An orc warrior (D:8)
  4 sky beasts
  A hornet zombie (D:7)
  A black bear (D:6)
  2 ogres
  5 centaurs
  A big kobold (D:9)
  4 bullfrogs
  A scorpion (D:8)
  A water moccasin zombie (D:6)
  Dowan (D:4)
  4 crimson imps
  A bullfrog zombie (D:2)
  2 centaur zombies (D:6)
  4 hounds
  4 jellies
  11 orc priests
  11 orc wizards
  A centaur skeleton (D:10)
  2 iguanas
  6 worker ants
  A hound zombie (D:8)
  7 gnolls
  19 adders
  A shadow imp (D:5)
  3 adder skeletons
  A worm (D:2)
  4 dart slugs
  6 leopard geckos
  25 orcs
  2 ball pythons
  5 bats
  8 giant cockroaches
  9 goblins
  9 hobgoblins
  5 jackals
  14 kobolds
  5 quokkas
  14 frilled lizards
  2 leopard gecko skeletons
  A quokka skeleton (D:7)
  10 rats
232 creatures vanquished.

Vanquished Creatures (collateral kills)
  A two-headed ogre (D:10)
  A skeletal warrior (D:10)
  A bullfrog (D:7)
  A crimson imp (D:9)
  A hound (D:6)
  2 orc wizards
  A quasit (D:10)
  An iguana (D:9)
  5 adders
  An adder zombie (D:7)
  An adder skeleton (D:4)
  A worm (D:2)
  2 leopard geckos
  2 orcs
  A ball python (Sewer)
  A bat (D:2)
  A giant cockroach (Sewer)
  2 goblins
  A hobgoblin (D:2)
  2 jackals (D:4)
  2 quokkas
  A frilled lizard (Sewer)
32 creatures vanquished.

Grand Total: 264 creatures vanquished

Notes
Turn   | Place    | Note
-------+----------+-------------------------------------------
     0 | D:1      | microfolk the Ghoul Necromancer began the quest for the Orb.
     0 | D:1      | Reached XP level 1. HP: 14/14 MP: 2/2
   232 | D:1      | Reached XP level 2. HP: 20/22 MP: 0/3
   241 | D:1      | Learned a level 1 spell: Animate Skeleton
   518 | D:1      | Reached skill level 1 in Unarmed Combat
   529 | D:1      | Reached skill level 1 in Fighting
   625 | D:1      | Reached XP level 3. HP: 17/28 MP: 1/5
   632 | D:1      | Learned a level 3 spell: Vampiric Draining
   633 | D:1      | Found a sparkling altar of Nemelex Xobeh.
  1317 | D:2      | Reached XP level 4. HP: 33/36 MP: 0/6
  1676 | D:2      | Reached XP level 5. HP: 22/41 MP: 7/7
  2042 | D:3      | Found an ornate altar of the Wu Jian Council.
  2332 | D:2      | Reached XP level 6. HP: 28/50 MP: 1/9
  2506 | D:3      | Reached skill level 5 in Necromancy
  2954 | D:3      | Found a blossoming altar of Fedhas.
  3568 | D:3      | Found a shadowy altar of Dithmenos.
  3767 | D:3      | Learned a level 3 spell: Regeneration
  3862 | D:4      | Noticed an ice beast
  3871 | D:3      | Reached XP level 7. HP: 57/58 MP: 0/10
  3877 | D:3      | Learned a level 4 spell: Animate Dead
  3921 | D:4      | Noticed Eustachio
  4022 | D:4      | Noticed Duvessa
  4022 | D:4      | Noticed Dowan
  4417 | D:4      | Found a glowing drain.
  4444 | Sewer    | Entered a sewer
  4937 | Sewer    | Reached skill level 6 in Necromancy
  5965 | D:4      | Found a white marble altar of Elyvilon.
  5980 | D:4      | Found a hide-covered altar of Uskayaw.
  6058 | D:4      | Reached XP level 8. HP: 13/65 MP: 5/11
  6207 | D:4      | Found an ancient bone altar of Kikubaaqudgha.
  6222 | D:4      | Became a worshipper of Kikubaaqudgha
  6394 | D:4      | Killed Dowan
  6427 | D:4      | Reached skill level 5 in Fighting
  6427 | D:4      | Reached skill level 5 in Unarmed Combat
  6560 | D:4      | Found a sacrificial altar of Ru.
  6603 | D:4      | Found Temoidif's Assorted Antiques.
  6621 | D:4      | Found a snail-covered altar of Cheibriados.
  6660 | D:4      | Killed Duvessa
  6939 | D:5      | Entered Level 5 of the Dungeon
  7031 | D:5      | Reached skill level 7 in Necromancy
  7962 | D:5      | Reached skill level 8 in Necromancy
  8011 | D:5      | Reached XP level 9. HP: 36/74 MP: 1/12
  8380 | D:5      | Reached * piety under Kikubaaqudgha
  8380 | D:5      | Identified Kikubaaqudgha's Reference Book on Evil Magic (Kikubaaqudgha gifted it to you on level 5 of the Dungeon)
  8380 | D:5      | Received a gift from Kikubaaqudgha
  8637 | D:5      | Found a deep blue altar of Sif Muna.
  9150 | D:6      | Noticed Prince Ribbit
  9256 | D:6      | Found a staircase to the Ecumenical Temple.
  9262 | Temple   | Entered the Ecumenical Temple
  9970 | D:6      | Reached skill level 9 in Necromancy
 10748 | D:6      | Found a shimmering altar of Xom.
 11229 | D:7      | Found a glowing silver altar of Zin.
 11371 | D:7      | Noticed Joseph
 11407 | D:7      | Found a hazy altar of Hepliaklqana.
 12002 | D:8      | Reached XP level 10. HP: 85/85 MP: 8/13
 12020 | D:8      | Found a stormy altar of Qazlal.
 12111 | D:8      | Reached skill level 10 in Necromancy
 12369 | D:8      | Reached ** piety under Kikubaaqudgha
 12695 | D:9      | Found a staircase to the Orcish Mines.
 13368 | D:9      | Found Seapneyr's Distillery.
 13371 | D:9      | Found a burning altar of Makhleb.
 13373 | D:9      | Bought a potion of heal wounds for 75 gold pieces
 13685 | D:9      | Found a runed door.
 13845 | D:10     | Entered Level 10 of the Dungeon
 13853 | D:10     | Noticed a skeletal warrior
 14167 | D:10     | Noticed a two-headed ogre
 14174 | D:10     | Killed a two-headed ogre
 14204 | D:10     | Noticed a skeletal warrior
 14205 | D:10     | Killed a skeletal warrior
 14205 | D:10     | Reached skill level 11 in Necromancy
 14352 | D:10     | Noticed a skeletal warrior
 14848 | D:10     | Mangled by a skeletal warrior

Skill      XL: |  1  2  3  4  5  6  7  8  9 10 |
---------------+-------------------------------+-----
Spellcasting   | 2 3 |  3.0
Unarmed Combat | 1 2 3 4 6 7 8 |  8.7
Fighting       | 1 2 3 4 6 7 8 |  8.8
Necromancy     | 5 6 8 9 11 | 11.2
Dodging        | |  1.7
Stealth        | |  2.1

Action                   |  1- 3 |  4- 6 |  7- 9 | 10-12 || total
-------------------------+-------+-------+-------+-------++-------
Melee: Unarmed           |    39 |   116 |   448 |   148 ||   751
       Punch             |       |     1 |     5 |     3 ||     9
Throw: Stone             |       |     3 |     8 |       ||    11
 Cast: Pain              |    60 |   110 |   170 |    41 ||   381
       Animate Skeleton  |    11 |    30 |    30 |     5 ||    76
       Vampiric Draining |       |       |    38 |    35 ||    73
       Regeneration      |       |       |     1 |     1 ||     2
       Animate Dead      |       |       |       |     5 ||     5
Invok: Receive Corpses   |       |       |       |     3 ||     3
  Use: Scroll            |     2 |     5 |     4 |     1 ||    12
       Potion            |       |       |     1 |     1 ||     2
 Stab: Distracted        |     1 |       |     1 |     3 ||     5
       Sleeping          |       |     1 |     5 |     1 ||     7
  Eat: Chunk             |    26 |    36 |    47 |    19 ||   128
       Ration            |       |       |     2 |     2 ||     4
Armor: Robe              |    11 |    28 |    49 |       ||    88
       Leather armour    |       |       |    47 |    66 ||   113
       Troll leather arm |       |       |       |    19 ||    19
Dodge: Dodged            |    43 |   120 |   295 |    97 ||   555
